 Dungeon Sprint DCSS version 0.26.1-10-gdfb7c7de75 (webtiles) character file.

Game seed: 15918438894426180306

108 phalm the Ruffian (level 4, -2/26 HPs)
             Began as a Vine Stalker Berserker on Apr 8, 2021.
             Was a Follower of Trog.
             Slain by Sigmund
             ... wielding a +0 scythe
              (10 damage)
             ... in the Dungeon (Sprint I: "Red Sonja").
             The game lasted 00:00:46 (234 turns).

phalm the Ruffian (Vine Stalker Berserker)           Turns: 234, Time: 00:00:47

Health: -2/26      AC:  2    Str: 20    XL:     4   Next: 87%
Magic:  0/5        EV: 14    Int:  7    God:    Trog [*.....]
Gold:   54         SH:  0    Dex: 14    Spells: 3/3 levels left

rFire    . . .     SeeInvis .     - Unarmed
rCold    . . .     Faith    .   (no shield)
rNeg     . . .     Spirit   +   a - +0 animal skin
rPois    .         Reflect  .   (no helmet)
rElec    .         Harm     .   (no cloak)
rCorr    .         Rampage  .   (no gloves)
Will     .....     NoTele   +   (no boots)
Stlth    +.........             (no amulet)
HPRegen  0.48/turn              (no ring)
MPRegen  0.09/turn              (no ring)

@: berserk cooldown
A: fangs 2, regeneration 1, magic shield, antimagic bite, no potion heal 3
a: Renounce Religion, Berserk


You were in the Dungeon.
You worshipped Trog.
Trog was aware of your devotion.
You visited 1 branch You collected 54 gold pieces.

Inventory:

Armour
 a - a +0 animal skin (worn)
Wands
 g - a wand of polymorph (10)
Scrolls
 f - a scroll of blinking
Potions
 b - a potion of curing
 c - a potion of haste
 d - 2 potions of magic
 e - a potion of berserk rage


   Skills:
 + Level 4.9 Fighting
 + Level 4.0 Armour
 + Level 4.0 Dodging
 + Level 5.4 Unarmed Combat


You had 3 spell levels left.
You didn't know any spells.
Your spell library was empty.

Dungeon Overview and Level Annotations

Branches:
Dungeon (1/1)

Altars:

Annotations:
D Sigmund


Innate Abilities, Weirdness & Mutations

You have extremely sharp teeth.
Your natural rate of healing is unusually fast.
When hurt, damage is shared between your health and your magic reserves.
Your bite disrupts and absorbs the magic of your enemies.
Potions cannot restore your health.


Message History

Sigmund falters for a moment.
Sigmund drinks a potion.
Sigmund seems to speed up.
You closely miss Sigmund. You bite Sigmund.
Sigmund's magic leaks into the air.
You drain his magic.
Sigmund is moderately wounded.
Sigmund barely misses you.
You punch Sigmund! Your bite misses Sigmund.
Sigmund is severely wounded.
Sigmund casts a spell at himself.
Sigmund flickers and vanishes!
Deactivating autopickup; reactivate with Ctrl-A.
Something hits you!
Unknown command.
You're still recovering from your berserk rage.
You closely miss something. You bite something. You drain its magic.
You feel invigorated. Something hits you!
You closely miss something. Your bite misses something.
You feel yourself speed up. Something hits you! x2
You die...

#############
#<.#..'..#.{+
#..'[.#.)'@.#
#..#####'####
#..# #..#
#..# ####
#..# #⌠⌠#
####


There were no monsters in sight!

Vanquished Creatures
  An ogre (D)
  Ijyb (D)
2 creatures vanquished.

Vanquished Creatures (others)
  A gargoyle (D)
1 creature vanquished.

Grand Total: 3 creatures vanquished

Notes
Turn   | Place    | Note
-------+----------+-------------------------------------------
     0 | D        | phalm the Vine Stalker Berserker began the quest for the
                  | Orb.
     0 | D        | Reached XP level 1. HP: 11/11 MP: 2/2
     1 | D        | Noticed Ijyb
    24 | D        | Killed Ijyb
    25 | D        | Reached skill level 4 in Unarmed Combat
    25 | D        | Reached XP level 2. HP: 9/17 MP: 1/3
    25 | D        | Reached XP level 3. HP: 11/21 MP: 1/4
   150 | D        | Killed a gargoyle
   203 | D        | Noticed an ogre
   208 | D        | Killed an ogre
   209 | D        | Reached skill level 5 in Unarmed Combat
   209 | D        | Gained mutation: Your natural rate of healing is unusually
                  | fast. [Vine Stalker growth]
   209 | D        | Reached XP level 4. HP: 26/26 MP: 5/5
   226 | D        | Noticed Sigmund
   234 | D        | Slain by Sigmund

Illustrated notes

Levels and vault maps discovered:
D:        dungeon_sprint_1 [red_sonja_temple_1, red_sonja_temple_small_1]

Skill      XL: |  1  2  3 |
---------------+----------+-----
Fighting       | 3 4 |  4.9
Armour         | 2 4 |  4.0
Dodging        | 2 4 |  4.0
Unarmed Combat | 4 5 |  5.4

Action                   |  1- 3 |  4- 6 || total
-------------------------+-------+-------++-------
Melee: Unarmed           |    23 |     6 ||    29
       Bite              |     1 |     3 ||     4
Invok: Berserk           |     2 |       ||     2
 Stab: Sleeping          |     1 |     1 ||     2
Dodge: Dodged            |     9 |     2 ||    11
